 Seeded DCSS version 0.30-a0-722-g3e6e8c874d (webtiles) character file.

Game seed: 13178286030542442824 (custom seed)

5518 zeratav the Carver (level 10, -6/47 HPs)
             Began as a Vine Stalker Monk on Jan 28, 2023.
             Was an Elder of Hepliaklqana.
             Mangled by Gastronok (22 damage)
             ... on level 8 of the Dungeon.
             The game lasted 00:12:43 (6826 turns).

zeratav the Carver (Vine Stalker Monk)              Turns: 6826, Time: 00:12:43

Health: -6/47      AC: 12    Str: 15    XL:     10   Next: 70%
Magic:  0/11       EV: 14    Int: 13    God:    Hepliaklqana [****..]
Gold:   380        SH:  5    Dex: 20    Spells: 9/9 levels left

rFire   . . .      SeeInvis .    r - +12 long sword of Hismutz {speed, Int+3, long}
rCold   . . .      Faith    .    (no shield)
rNeg    . . .      Spirit   +    L - +3 ring mail {rPois}
rPois   +          Reflect  +    F - +0 helmet
rElec   .          Harm     .    j - +0 cloak
rCorr   .          Rampage  .    y - +0 pair of gloves
Will    +....                    v - +0 pair of boots
Stlth   ++                       s - amulet of reflection
HPRegen 1.07/turn                (no ring)
MPRegen 0.12/turn                (no ring)

@: studying Translocations
A: reduced essence, fangs 3, regeneration 1, magic shield, antimagic bite, no
potion heal 2
a: Renounce Religion, Recall Ancestor, Ancestor Identity, Transference, Idealise


You were on level 8 of the Dungeon.
You worshipped Hepliaklqana.
Hepliaklqana was greatly pleased with you.
You visited 1 branch of the dungeon, and saw 9 of its levels.
You also visited: Bailey.

You collected 432 gold pieces.
You spent 52 gold pieces at shops.


Innate Abilities, Weirdness & Mutations

Your life essence is reduced to manifest your ancestor. (-10% HP)
You have razor-sharp teeth.
Your natural rate of healing is unusually fast.
When hurt, damage is shared between your health and your magic reserves.
Your bite disrupts and absorbs the magic of your enemies.
Potions cannot restore your health.


   Skills:
 + Level 6.8 Fighting
 + Level 11.7 Long Blades
 + Level 6.1 Dodging
 - Level 2.4 Stealth


You had 9 spell levels left.
You didn't know any spells.
Your spell library contained the following spells:

 Spells                   Type           Power      Damage    Failure   Level
 Ozocubu's Armour         Ice            0%         N/A       88%         3
 Stone Arrow              Conj/Erth      0%         3d7       88%         3
 Animate Armour           Summ/Erth      0%         N/A       99%         4
 Metabolic Englaciation   Hex/Ice        0%         N/A       100%        5
 Simulacrum               Ice/Necr       0%         N/A       100%        6
 Lehudib's Crystal Spear  Conj/Erth      0%         10d2      100%        8

Inventory:

Hand Weapons
 r - the +12 long sword of Hismutz (weapon) {speed, Int+3, long}
   (You found it on level 3 of the Dungeon)

   Int:       It affects your intelligence (+3).
 A - the +11 Singing Sword {sonic wave}
   (You found it on level 4 of the Dungeon)
 K - the +7 hand axe of Gikhlopn {heavy, +Blink Str+3, axe}
   (You found it on level 8 of the Dungeon)

   Str:       It affects your strength (+3).
   +Blink:    It lets you blink.
Armour
 j - a +0 cloak (worn)
   (You found it on level 1 of the Dungeon)
 v - a +0 pair of boots (worn)
   (You found it on level 6 of the Dungeon)
 y - a +0 pair of gloves (worn)
   (You found it on level 4 of the Dungeon)
 F - a +0 helmet (worn)
   (You found it on level 7 of the Dungeon)
 H - a +2 leather armour of poison resistance
   (You took it off an orc priest on level 7 of the Dungeon)
 L - a +3 ring mail of poison resistance (worn)
   (You found it in a bailey)
Jewellery
 s - an amulet of reflection (around neck)
   (You found it on level 3 of the Dungeon)
 D - a ring of protection from fire
   (You found it on level 6 of the Dungeon)
Wands
 J - a wand of roots (18)
   (You took it off Pikel on level 7 of the Dungeon)
Scrolls
 a - a scroll of silence {!r}
 d - a scroll of summoning
 f - a scroll of immolation {!r!r}
 g - 7 scrolls of magic mapping {!r}
 h - a scroll of noise {!r}
 k - 4 scrolls of teleportation {@r4}
 o - 2 scrolls of fear
 p - 3 scrolls of enchant weapon
 q - 3 scrolls of vulnerability {!r!r}
 E - 2 scrolls of blinking {!r}
 I - 2 scrolls of amnesia
Potions
 b - a potion of mutation {!q}
 c - 3 potions of ambrosia
 e - a potion of flight
 i - 3 potions of resistance {unknown}
 l - 5 potions of heal wounds {unknown}
 m - 5 potions of curing {unknown}
 n - 2 potions of haste {unknown}
 t - a potion of attraction {unknown}
 u - 4 potions of might
 w - a potion of berserk rage {unknown}
 x - a potion of lignification {unknown}
 z - a potion of brilliance {unknown}
 G - a potion of magic {unknown}

Dungeon Overview and Level Annotations

Branches:
Dungeon (9/15) Zot: 26954  Temple (0/1) D:4          Bailey (visited)
   Lair: D:8-11         Orc: D:9-12

Altars:
Ashenzari
Hepliaklqana
Okawaru

Shops:
D:3 =   D:7 *   D:8 *   D:9 =

Annotations:
D:8 Gastronok

.....................#..
.......................
......)................
.........)..........#
.....<.).[.........##
.........)........##
.........#.........### # #
#....................#...#
###:...........†@.........
. #..##.........♣w##.....#
.###.....###..♣†∩R♣.###.##
.. ..##..####...♣..# #
......#...#...>....#
..!...##...............#
..##............#..#
#...........## ##
#...........#


You could see the friendly Zada the knight and Gastronok (swift, ally target,
magic disrupted).


Message History

HP[+1] MP[+3]
You regained 3 mp, and now have 9/11 mp.
You slash the vampire mosquito!
You destroy the vampire mosquito!
The vampire mosquito bites you.
* * * LOW HITPOINT WARNING * * *
The vampire mosquito draws strength from your injuries!
HP[-4] MP[-2]
You take 4 damage, and now have 18/47 hp.
You lost 2 mp, and now have 7/11 mp.
The vampire mosquito barely misses you.
The vampire mosquito closely misses you.
You see here a vampire mosquito corpse.
HP[+1]
You slash the vampire mosquito!
You bite the vampire mosquito, but do no damage.
The vampire mosquito bites you.
* * * LOW HITPOINT WARNING * * *
The vampire mosquito draws strength from your injuries!
HP[-3] MP[-1]
You take 3 damage, and now have 16/47 hp.
You lost 1 mp, and now have 6/11 mp.
You barely miss the vampire mosquito.
Zada closely misses the vampire mosquito.
The vampire mosquito misses you.
You closely miss the vampire mosquito. You bite the vampire mosquito.
You drain its power.
You feel invigorated.
HP[+1] MP[+2]
You regained 2 mp, and now have 8/11 mp.
You closely miss the vampire mosquito. You bite the vampire mosquito!
You drain its power.
You feel invigorated. The vampire mosquito bites you!
* * * LOW HITPOINT WARNING * * *
The vampire mosquito draws strength from your injuries!
Zada barely misses the vampire mosquito.
HP[-6] MP[-2]
You take 6 damage, and now have 11/47 hp.
You lost 2 mp, and now have 6/11 mp.
You slice the vampire mosquito!!
You destroy the vampire mosquito!
HP[+1] HP[+1] MP[+1] Zada blocks Gastronok's attack.
There is a stone staircase leading down here.
HP[+1] Zada hits Gastronok with a +0 flail!
You climb downwards.
Found 23 gold pieces.
Found Oliam's Jewellery Shop.
Found a stone staircase leading down.
There is a stone staircase leading up here.
HP[+2]
You regained 2 hp, and now have 16/47 hp.
HP[+1]
You start resting.
HP[+30] MP[+4]
Your hp is fully restored (47).
Your mp is fully restored (11).
Zada is recalled.
MP[-2]
You lost 2 mp, and now have 9/11 mp.
You swap places.
There is a stone staircase leading up here.
You climb upwards.
Level annotation: Gastronok Gastronok waves his eye-stalks in wide circles.
The air twists around and strikes you!!
Ouch! That really hurt!
* * * LOW HITPOINT WARNING * * *
There is a stone staircase leading down here.
HP[-26] MP[-5]
You take 26 damage, and now have 21/47 hp.
MASSIVE DAMAGE!! (PAUSE)
You lost 5 mp, and now have 4/11 mp.
HP[+1] HP[+1] Zada hits Gastronok with a +0 flail!
Gastronok's eyestalks quiver as he mumbles some strange words.
Gastronok puts on a burst of speed!
HP[+1] Zada hits Gastronok with a +0 flail!
HP[+1] MP[+1] Zada hits Gastronok with a +0 flail!
Gastronok bites Zada.
You see here a vampire mosquito corpse.
HP[+1] HP[+1] Gastronok waves his eye-stalks in wide circles.
The air twists around and strikes you!
* * * LOW HITPOINT WARNING * * *
HP[-14] MP[-2]
You take 14 damage, and now have 13/47 hp.
MASSIVE DAMAGE!! (PAUSE)
You lost 2 mp, and now have 3/11 mp.
You slash Gastronok! You bite Gastronok!
Gastronok's magic leaks into the air.
You drain his magic.
You feel invigorated.
Zada hits Gastronok with a +0 flail.
HP[+1] MP[+8]
Your mp is fully restored (11).
You slash Gastronok!
HP[+1]
You slash Gastronok!
Zada hits Gastronok with a +0 flail!!
You slash Gastronok! You punch Gastronok. You bite Gastronok, but do no damage.
Gastronok bites you!!
You die...

Skill      XL: |  1  2  3  4  5  6  7  8  9 10 |
---------------+-------------------------------+-----
Long Blades    | 3 4 5 7 8 10 11 | 11.7
Fighting       | 3 5 6 |  6.8
Dodging        | 3 5 6 |  6.1
Stealth        | |  2.4

Action                     |  1- 3 |  4- 6 |  7- 9 | 10-12 || total
---------------------------+-------+-------+-------+-------++-------
  Melee: Falchion          |   111 |    44 |       |       ||   155
         Bite              |    20 |    17 |    34 |    30 ||   101
         Long sword        |       |    40 |   169 |    91 ||   300
         Punch             |       |     3 |     2 |     1 ||     6
 Invoke: Recall Ancestor   |       |     2 |       |     1 ||     3
         Ancestor Life: Kn |       |     1 |       |       ||     1
    Use: Scroll            |       |     7 |     2 |     4 ||    13
   Stab: Sleeping          |    10 |     8 |     7 |       ||    25
         Distracted        |       |     2 |     1 |       ||     3
         Held in net/web   |       |       |     2 |       ||     2
 Armour: Robe              |    19 |    11 |     6 |       ||    36
         Leather armour    |       |       |    22 |    12 ||    34
         Ring mail         |       |       |       |     8 ||     8
  Dodge: Dodged            |    64 |    78 |    56 |    54 ||   252
  Block: Other             |       |       |    44 |    14 ||    58
         Reflection        |       |       |     3 |     3 ||     6

Levels and vault maps discovered:
D:1:      scummos_arrival_simple_crosswalls, layout_loops_ring
D:2:      cheibrodos_greedy_goblins, layout_basic, basic_altar,
          dreamdust_wishing_well, kennysheep_generic_room_13
D:3:      layout_basic, chequers_ecumenical_altar_simple, serial_shops,
          nicolae_shop_window_shopping, uniq_crazy_yiuf_cottage
D:4:      old_forge, layout_basic, okawaru_gym_becter,
          minmay_temple_entry_stoned_glass, uniq_grinder, uniq_edmund
D:5:      layout_basic, ashenzari_conservatory_becter, st_stairs_14
D:6:      nicolae_BIG_FREAKIN_CUBE, layout_layer_cave, minmay_manual_mail
D:7:      layout_cave_pools, serial_shops, shop, nicolae_underground_beach,
          uniq_pikel
D:8:      layout_cave_pools, serial_shops, nicolae_shop_trees, enter_bailey_2,
          uniq_psyche, uniq_gastronok
D:9:      layout_roguey, david_orc_3, serial_shops, nicolae_shop_hallway_stairs,
          dk_noncrumbling_3, kennysheep_generic_room_8

Notes
Turn   | Place    | Note
-------+----------+-------------------------------------------
     0 | D:1      | zeratav the Vine Stalker Monk began the quest for the Orb.
     0 | D:1      | Reached XP level 1. HP: 11/11 MP: 2/2
     0 | D:1      | magus.rc [v1.9.6]
    44 | D:1      | Reached skill level 3 in Long Blades
    85 | D:1      | Reached XP level 2. HP: 12/16 MP: 3/3
   439 | D:1      | Reached XP level 3. HP: 19/19 MP: 4/4
   834 | D:1      | Reached skill level 4 in Long Blades
  1240 | D:2      | Found a hazy altar of Hepliaklqana.
  1243 | D:2      | Gained mutation: Your natural rate of healing is unusually
                  | fast. [Vine Stalker growth]
  1243 | D:2      | Reached XP level 4. HP: 23/23 MP: 5/5
  1330 | D:2      | Became a worshipper of Hepliaklqana the Forgotten
  1330 | D:2      | Reached * piety under Hepliaklqana
  1330 | D:2      | Reached ** piety under Hepliaklqana
  2129 | D:3      | Found Rasuw's Jewellery Emporium.
  2215 | D:3      | Identified the +12 long sword of Hismutz {speed, Int+3}
  2378 | D:3      | Found a faded altar of an unknown god.
  2495 | D:3      | You fall into a shaft and drop 2 floors!
  2495 | D:5      | Entered Level 5 of the Dungeon
  2501 | D:5      | Remembered your ancestor Zada as a knight
  2502 | D:5      | Noticed a scorpion
  2509 | D:5      | Killed a scorpion
  2510 | D:5      | Reached skill level 5 in Long Blades
  2510 | D:5      | Reached XP level 5. HP: 16/24 MP: 3/6
  2565 | D:5      | Reached XP level 6. HP: 28/28 MP: 7/7
  2583 | D:5      | Reached skill level 6 in Long Blades
  2640 | D:4      | HP: 6/28 [poisoned by a gnoll]
  2645 | D:4      | HP: 4/28 [poisoned by a gnoll]
  2843 | D:4      | Reached skill level 7 in Long Blades
  2843 | D:4      | Reached XP level 7. HP: 31/31 MP: 8/8
  2910 | D:4      | Noticed Edmund
  2919 | D:4      | Killed Edmund
  3005 | D:4      | Found a staircase to the Ecumenical Temple.
  3093 | D:4      | You pick up a book of Armaments and begin reading...
  3093 | D:4      | You add the spells Stone Arrow, Animate Armour and
                  | Lehudib's Crystal Spear to your library.
  3111 | D:4      | Found an iron altar of Okawaru.
  3207 | D:4      | Noticed Grinder
  3215 | D:4      | Killed Grinder
  3216 | D:4      | Reached skill level 8 in Long Blades
  3302 | D:4      | Gained mutation: You have razor-sharp teeth. [Vine Stalker
                  | growth]
  3302 | D:4      | Reached XP level 8. HP: 35/35 MP: 9/9
  3384 | D:4      | Reached skill level 9 in Long Blades
  3407 | D:4      | Found the +11 Singing Sword {sonic wave}
  3878 | D:3      | Found a runed translucent door.
  3879 | D:3      | Noticed Crazy Yiuf
  3886 | D:3      | Killed Crazy Yiuf
  4031 | D:5      | Identified the +0 chain mail of the Enchanting Gods {+Inv}
  4055 | D:5      | Found a broken altar of Ashenzari.
  4158 | D:5      | Reached skill level 10 in Long Blades
  4228 | D:5      | Reached *** piety under Hepliaklqana
  4390 | D:5      | Reached skill level 3 in Fighting
  4488 | D:6      | Reached skill level 3 in Dodging
  4548 | D:6      | Reached XP level 9. HP: 39/39 MP: 10/10
  4630 | D:6      | Reached skill level 4 in Fighting
  5041 | D:6      | Reached skill level 4 in Dodging
  5223 | D:6      | Reached **** piety under Hepliaklqana
  5778 | D:7      | Found Ehothri's General Store.
  5790 | D:7      | Bought a potion of might for 52 gold pieces
  5900 | D:7      | Reached skill level 5 in Fighting
  5948 | D:7      | Noticed Pikel
  5994 | D:7      | Killed Pikel
  5995 | D:7      | Reached skill level 11 in Long Blades
  5995 | D:7      | Reached skill level 5 in Dodging
  5995 | D:7      | Reached XP level 10. HP: 30/45 MP: 7/11
  6310 | D:8      | Found a flagged portal.
  6317 | D:8      | Identified the +7 hand axe of Gikhlopn {heavy, +Blink
                  | Str+3}
  6321 | Bailey   | Entered a bailey
  6365 | Bailey   | Noticed an orc knight
  6383 | Bailey   | HP: 6/47 [orc knight/+0 war axe (9)]
  6385 | Bailey   | Killed an orc knight
  6386 | Bailey   | Reached skill level 6 in Fighting
  6505 | Bailey   | Found a burning altar of Makhleb.
  6511 | Bailey   | Identified the +1 leather armour "Weal" {rN+ Int+4 Stlth-}
  6609 | D:8      | You pick up a book of Winter and begin reading...
  6609 | D:8      | You add the spells Ozocubu's Armour, Metabolic Englaciation
                  | and Simulacrum to your library.
  6744 | D:8      | Found Taigas's General Store.
  6754 | D:8      | Noticed Gastronok
  6762 | D:8      | Reached skill level 6 in Dodging
  6775 | D:8      | HP: 11/47 [vampire mosquito (6)]
  6780 | D:9      | Found Oliam's Jewellery Shop.
  6826 | D:8      | Mangled by Gastronok

Vanquished Creatures
  Pikel (D:7)
  An orc knight (Bailey)
  Grinder (D:4)
  4 vampire mosquitoes (D:8)
  Edmund (D:4)
  2 water moccasins
  6 orc warriors (Bailey)
  A sky beast (D:6)
  2 ice beasts (D:6)
  An ogre (D:6)
  2 centaurs
  A phantom (D:7)
  A lemure (D:7)
  6 kobold brigands
  A necrophage (D:6)
  8 scorpions
  2 howler monkeys
  3 gnoll boudas
  A jelly (D:5)
  5 hounds
  4 orc priests
  Crazy Yiuf (D:3)
  3 iguanas
  4 orc wizards
  17 gnolls
  6 adders
  A shadow imp (D:6)
  A white imp (D:5)
  4 ufetubi
  A worm (D:5)
  2 dart slugs
  19 orcs
  8 ball pythons
  7 endoplasms
  2 giant cockroaches
  13 goblins
  8 hobgoblins
  7 jackals (D:1)
  5 quokkas
  10 bats
  4 frilled lizards
  14 kobolds
  5 rats
196 creatures vanquished.

Vanquished Creatures (collateral kills)
  A yak (D:6)
  A lemure (D:7)
  A kobold brigand (Bailey)
  A scorpion (D:5)
  An orc priest (D:4)
  2 iguanas
  An adder (D:4)
  4 gnolls
  10 orcs
  3 goblins (D:2)
  2 hobgoblins (D:2)
  4 bats
  5 kobolds
36 creatures vanquished.

Vanquished Creatures (others)
  A knight (Bailey)
  An ancestor (D:2)
  8 fungi (D:4)
10 creatures vanquished.

Grand Total: 242 creatures vanquished

Table legend:
 A = Non-vault XP
 B = Vault XP
 C = Vault XP percentage of total XP
 D = Non-vault monster count
 E = Vault monster count
 F = Vault count percentage of total count
                 A         B        C        D         E       F
            +---------+---------+-------+---------+---------+-------
      Total |    3700 |    4184 |  53.1 |     171 |      59 |  25.7
            +---------+---------+-------+---------+---------+-------
        D:1 |      53 |       0 |   0.0 |      31 |       0 |   0.0
        D:2 |      38 |      18 |  32.1 |      17 |       9 |  34.6
        D:3 |      32 |      40 |  55.6 |      13 |       1 |   7.1
        D:4 |     490 |     898 |  64.7 |      38 |      18 |  32.1
        D:5 |     484 |      90 |  15.7 |      20 |       2 |   9.1
        D:6 |     918 |     460 |  33.4 |      22 |       5 |  18.5
        D:7 |     619 |     651 |  51.3 |      15 |       1 |   6.2
        D:8 |    1066 |       0 |   0.0 |      15 |       0 |   0.0
     Bailey |       0 |    2027 | 100.0 |       0 |      23 | 100.0
            +---------+---------+-------+---------+---------+-------

Illustrated notes

Table legend:
 A = Kills in this place as a percentage of kills in entire the game.
 B = Kills by you in this place as a percentage of kills by you in the entire game.
 C = Kills by friends in this place as a percentage of kills by friends in the entire game.
 D = Other kills in this place as a percentage of other kills in the entire game.
 E = Experience gained in this place as a percentage of experience gained in the entire game.
 F = Experience gained in this place divided by the number of levels of this place that you have seen.
                   A       B       C       D       E      F
               +-------+-------+-------+-------+-------+----------------------
         Total | 100.0 | 100.0 | 100.0 |   N/A | 100.0 | 788.4
       Dungeon |  90.0 |  90.8 |  85.7 |   N/A |  74.3 | 650.8
        Bailey |  10.0 |   9.2 |  14.3 |   N/A |  25.7 | 2027.0
               +-------+-------+-------+-------+-------+----------------------

Table legend: (Time is in decaauts)
 A = Elapsed time spent in this place.
 B = Non-inter-level travel time spent in this place.
 C = Inter-level travel time spent in this place.
 D = Time resting spent in this place.
 E = Time spent auto-exploring this place.
 F = Levels seen in this place.
 G = Mean time per level.
                   A        B        C        D        E       F      G
               +--------+--------+--------+--------+--------+-----+--------+
         Total |   6716 |   6313 |    403 |    282 |   4878 |  10 |  671.6 |
       Dungeon |   6524 |   6121 |    403 |    227 |   4824 |   9 |  724.9 |
        Bailey |    192 |    192 |      0 |     55 |     54 |   1 |  192.0 |
               +--------+--------+--------+--------+--------+-----+--------+

Top non-repeatable levels by time:
     D:6: 1204 daAuts
     D:4: 1026 daAuts
     D:2: 989 daAuts
     D:3: 915 daAuts
     D:1: 902 daAuts
     D:7: 617 daAuts
     D:5: 560 daAuts
     D:8: 274 daAuts
  Bailey: 192 daAuts
     D:9: 34 daAuts
